 Dungeon Crawl Stone Soup version 0.29.1-2-gbd0b4ee654 (webtiles) character file.

Game seed: 9015615027754978660

700 xian the Schismatic (level 7, 0/55 HPs)
             Began as a Demonspawn Abyssal Knight on Nov 4, 2022.
             Was an Elder of Lugonu.
             Slain by Edmund
             ... wielding a +2 flail of holy wrath
              (3 damage)
             ... on level 4 of the Dungeon.
             The game lasted 00:10:28 (3990 turns).

xian the Schismatic (Demonspawn Abyssal Knight)     Turns: 3990, Time: 00:10:29

Health: 0/55       AC: 18    Str: 16    XL:     7   Next: 38%
Magic:  10/10      EV: 11    Int: 11    God:    Lugonu [****..]
Gold:   147        SH:  8    Dex: 13    Spells: 6/6 levels left

rFire   + . .      SeeInvis .   g - +2 dagger (venom)
rCold   . . .      Faith    .   r - +0 buckler
rNeg    + . .      Spirit   .   h - +2 leather armour {rF+}
rPois   +          Reflect  .   i - +0 helmet
rElec   .          Harm     .   l - +0 cloak
rCorr   .          Rampage  .   (no gloves)
Will    .....                   p - +0 pair of boots
Stlth   +.........              (no amulet)
HPRegen 0.18/turn               v - ring of poison resistance
MPRegen 0.12/turn               d - ring of positive energy

@: sanguine armoured, hasted, very quick
A: hooves 1, icemail 1, sanguine armour 1, condensation shield
a: Renounce Religion, Depart the Abyss, Bend Space, Banish, Corrupt


You were on level 4 of the Dungeon.
You worshipped Lugonu.
Lugonu was greatly pleased with you.
You visited 1 branch of the dungeon, and saw 4 of its levels.
You visited the Abyss 1 time.

You collected 147 gold pieces.

Inventory:

Hand Weapons
 a - a +1 hand axe
 g - a +2 dagger of venom (weapon)
Missiles
 b - 3 boomerangs
 q - 3 poisoned darts (quivered)
Armour
 h - a +2 leather armour of fire resistance (worn)
 i - a +0 helmet (worn)
 l - a +0 cloak (worn)
 p - a +0 pair of boots (worn)
 r - a +0 buckler (worn)
 u - a +0 chain mail
Jewellery
 c - a ring of magical power
 d - a ring of positive energy (right hand)
 v - a ring of poison resistance (left hand)
Wands
 s - a wand of polymorph (9)
Scrolls
 e - a scroll of poison
 f - a scroll of enchant weapon {unknown}
 k - a scroll of vulnerability {unknown}
 n - a scroll of teleportation
Potions
 j - 2 potions of cancellation {unknown}
 o - a potion of flight {unknown}


   Skills:
 + Level 4.4 Fighting
 + Level 3.0 Short Blades
 + Level 2.8 Axes
 + Level 0.9 Throwing
 + Level 2.7 Armour
 + Level 2.3 Dodging
 + Level 1.1 Stealth
 + Level 1.5 Shields
 + Level 0.4 Unarmed Combat
 * Level 5.3 Invocations


You had 6 spell levels left.
You didn't know any spells.
Your spell library contained the following spells:

 Spells                   Type           Power      Damage    Failure   Level
 Stone Arrow              Conj/Erth      0%         3d7       86%         3
 Animate Armour           Summ/Erth      0%         N/A       99%         4
 Lehudib's Crystal Spear  Conj/Erth      0%         10d2      100%        8


Dungeon Overview and Level Annotations

Branches:
Dungeon (4/15)
 Temple: D:4-7

Altars:
Kikubaaqudgha

Annotations:
D:4 Edmund


Innate Abilities, Weirdness & Mutations

You have large cloven feet.
A meltable icy envelope protects you from harm. (AC +4)
When seriously injured, your blood forms armour. (AC +6)
A meltable shield of frost defends you. (SH +4)


Message History

You feel better. You block Edmund's attack.
You feel yourself speed up. You block Edmund's attack.
Unknown command.
Unknown command.
Throw: 7 darts (poison)
Press: ? - help, Q - select action, (/) - cycle Shift-Dir - straight line, f - Edmund
Aim: Edmund, wielding a +2 flail of holy wrath and wearing a +0 ring mail (heavily wounded, very poisoned, 63% to hit)
You throw a poisoned dart. The poisoned dart barely misses Edmund.
Unknown command.
Throw: 6 darts (poison)
Press: ? - help, Q - select action, (/) - cycle Shift-Dir - straight line, f/p - Edmund
Aim: Edmund, wielding a +2 flail of holy wrath and wearing a +0 ring mail (heavily wounded, very poisoned, 63% to hit)
You throw a poisoned dart. The poisoned dart barely misses Edmund.
Edmund hits you but does no damage.
Throw: 5 darts (poison)
Press: ? - help, Q - select action, (/) - cycle Shift-Dir - straight line, f/p - Edmund
Aim: Edmund, wielding a +2 flail of holy wrath and wearing a +0 ring mail (heavily wounded, very poisoned, 63% to hit)
You throw a poisoned dart. The poisoned dart hits Edmund.
Edmund looks as sick as possible!
Edmund is heavily wounded.
Edmund barely misses you.
Throw: 4 darts (poison)
Press: ? - help, Q - select action, (/) - cycle Shift-Dir - straight line, f/p - Edmund
Aim: Edmund, wielding a +2 flail of holy wrath and wearing a +0 ring mail (severely wounded, extremely poisoned, 63% to hit)
You throw a poisoned dart. The poisoned dart hits Edmund.
Edmund looks as sick as possible!
Edmund is severely wounded.
Edmund hits you with a +2 flail of holy wrath.
* * * LOW HITPOINT WARNING * * *
You convulse.
* * * LOW HITPOINT WARNING * * *
You hit Edmund but do no damage.
Edmund looks as sick as possible!
Edmund is severely wounded.
Unknown command.
You hit Edmund but do no damage.
Edmund looks as sick as possible!
Edmund is severely wounded.
Edmund hits you with a +2 flail of holy wrath.
* * * LOW HITPOINT WARNING * * *
You convulse.
You die...

#......##.....#..#.#.#
#......##.....#....
#......###....#.##.#
#......# #...## # ...
#......# ###.# ..
#......# #.#####
#...... #.#...# #..#
##@# ####@# #...(#
#...## #...# #...#
#...# ##..# ####


You could see Edmund (extremely poisoned).

Vanquished Creatures
  3 scorpions
  2 hounds (D:4)
  2 orc priests (D:4)
  Terence (D:2)
  2 orc wizards
  Natasha (thrice) (D:3 D:2)
  An iguana (D:4)
  Robin (D:2)
  4 adders
  A worm (D:3)
  3 dart slugs
  5 orcs
  4 bats
  5 endoplasms
  3 giant cockroaches
  14 goblins
  10 hobgoblins
  5 kobolds
  4 quokkas
  8 ball pythons
  4 frilled lizards
  3 rats
88 creatures vanquished.

Notes
Turn   | Place    | Note
-------+----------+-------------------------------------------
     0 | Abyss:1  | xian the Demonspawn Abyssal Knight began the quest for the
                  | Orb.
     0 | Abyss:1  | Reached XP level 1. HP: 18/18 MP: 2/2
     1 | D:1      | Escaped the Abyss
   335 | D:1      | Gained mutation: A meltable shield of frost defends you.
                  | (SH +4) [demonic ancestry]
   335 | D:1      | Reached XP level 2. HP: 19/24 MP: 4/4
   786 | D:1      | Reached skill level 1 in Dodging
  1068 | D:2      | Reached *** piety under Lugonu
  1072 | D:2      | Gained mutation: A meltable icy envelope protects you from
                  | harm. (AC +4) [demonic ancestry]
  1072 | D:2      | Reached XP level 3. HP: 27/29 MP: 5/5
  1123 | D:2      | Noticed Robin
  1138 | D:2      | Reached skill level 3 in Invocations
  1144 | D:2      | Killed Robin
  1264 | D:2      | Noticed Terence
  1418 | D:2      | Killed Terence
  1419 | D:2      | Gained mutation: You have large cloven feet. [demonic
                  | ancestry]
  1419 | D:2      | Reached XP level 4. HP: 22/36 MP: 6/6
  1941 | D:3      | HP: 1/36 [something (3)]
  1986 | D:3      | Reached skill level 1 in Short Blades
  2177 | D:3      | Noticed Natasha
  2187 | D:3      | Killed Natasha
  2188 | D:3      | Reached XP level 5. HP: 42/42 MP: 7/7
  2193 | D:3      | Found an ancient bone altar of Kikubaaqudgha.
  2260 | D:3      | Noticed Natasha
  2265 | D:3      | Killed Natasha
  2457 | D:3      | Reached skill level 4 in Invocations
  2794 | D:3      | Noticed Natasha
  2838 | D:2      | Killed Natasha
  2839 | D:2      | Reached XP level 6. HP: 18/48 MP: 3/9
  3470 | D:4      | Reached **** piety under Lugonu
  3586 | D:4      | Reached skill level 1 in Stealth
  3693 | D:4      | Noticed an ice beast
  3705 | D:4      | Banished an ice beast
  3706 | D:4      | Reached skill level 1 in Shields
  3706 | D:4      | Gained mutation: When seriously injured, your blood forms
                  | armour. (AC +6) [demonic ancestry]
  3706 | D:4      | Reached XP level 7. HP: 55/55 MP: 10/10
  3746 | D:4      | Reached skill level 5 in Invocations
  3971 | D:4      | Noticed Edmund
  3979 | D:4      | HP: 1/55 [Edmund/+2 flail of holy wrath (8)]
  3990 | D:4      | Slain by Edmund

Illustrated notes

Levels and vault maps discovered:
D:1:      wander_arrival_peaceful_grave, layout_loops_ring, item_on_display_a
D:2:      layout_basic, uniq_terence, uniq_robin
D:3:      layout_basic, old_standard_altar, uniq_natasha
D:4:      layout_basic, nicolae_ru_the_path_less_chosen,
          minmay_temple_entry_hall, kennysheep_diamond,
          hangedman_decor_riveting, dk_noncrumbling_2, grunt_decor_clamped,
          uniq_edmund, uniq_menkaure, uniq_grinder

Skill      XL: |  1  2  3  4  5  6  7 |
---------------+----------------------+-----
Axes           | 2 |  2.8
Dodging        | 1 2 |  2.3
Invocations    | 3 4 5 |  5.3
Armour         | 2 |  2.7
Short Blades   | 1 2 3 |  3.0
Fighting       | 4 |  4.4
Stealth        | 1 |  1.1
Shields        | 1 |  1.5
Throwing       | |  0.9
Unarmed Combat | |  0.4

Action                   |  1- 3 |  4- 6 |  7- 9 || total
-------------------------+-------+-------+-------++-------
Melee: Hand axe          |    51 |       |       ||    51
       Dagger            |    39 |   129 |    63 ||   231
       Kick              |       |    20 |       ||    20
       Punch             |       |     2 |       ||     2
       Unarmed           |       |    12 |       ||    12
Throw: Boomerang         |       |     8 |       ||     8
       Dart              |       |       |     4 ||     4
Invok: Banish            |       |     1 |       ||     1
  Use: Potion            |       |     2 |     2 ||     4
       Scroll            |       |     4 |       ||     4
Armor: Leather armour    |    34 |    46 |    22 ||   102
Dodge: Dodged            |    56 |    88 |    16 ||   160
Block: Other             |     7 |    17 |       ||    24
       Buckler           |       |    22 |    14 ||    36
